AoeStats
← Emko

Yucatan

511012682Analyzed
2v2 RM · 6h ago on Oct 3, 2026· 72m 16s· 4 players
Game mode
Random Map
Map size
Medium (4 player)
Population
200
Speed
Normal
Resources
Standard
Victory
Conquest
Starting age
Dark Age
Ending age
Imperial Age
RankedLock teamsTeams togetherTeam positionsShared explorationLock speedFull tech treeHidden civsTurbo modeCheats
Victory
Defeat
🇸🇰 Vietnamese · Slovakia
805
+18
🇸🇰 Armenians · Slovakia
801
+18
🇪🇸 Mongols · Spain
946
-21
🇪🇸 Slavs · Spain
763
-15
Emko
9:13 Loom
11:15 Feudal Age
12:08 Man-at-Arms
12:34 Arson
14:27 Double-Bit Axe
14:23 Horse Collar
14:48 Long Swordsman
16:14 Forging
19:35 Scale Mail Armor
24:03 Castle Age
25:41 Squires
25:27 Gambesons
25:03 Two-Handed Swordsman
26:45 Heavy Plow
27:26 Bow Saw
29:27 Champion
29:34 Elite Skirmisher
32:58 Fletching
34:15 Bodkin Arrow
34:21 Padded Archer Armor
34:57 Iron Casting
36:15 Leather Archer Armor
38:07 Chain Mail Armor
39:01 Murder Holes
40:21 Gold Mining
40:22 Stone Mining
48:03 Imperial Age
46:08 Wheelbarrow
46:43 Pikeman
49:08 Capped Ram
56:25 Crossbowman
56:27 Imperial Skirmisher
58:15 Halberdier
59:38 Siege Ram
60:56 Conscription
62:04 Chemistry
61:24 Ballistics
60:46 Heavy Scorpion
62:05 Hand Cart
63:42 Gold Shaft Mining
TheWeirdStranger
0:51 Loom
13:07 Feudal Age
19:34 Castle Age
19:51 Double-Bit Axe
20:50 Wheelbarrow
23:11 Bow Saw
25:57 Pikeman
26:34 Horse Collar
28:27 Bloodlines
28:18 Husbandry
28:38 Light Cavalry
31:12 Scale Barding Armor
31:29 Forging
35:25 Padded Archer Armor
39:28 Squires
43:49 Hand Cart
49:30 Imperial Age
47:27 Fletching
47:52 Leather Archer Armor
60:28 Elite Skirmisher
62:25 Ballistics
64:20 Bodkin Arrow
65:28 Thumb Ring
65:36 Heavy Plow
67:44 Chatras
70:25 Fortified Wall
71:46 Chain Barding Armor
72:02 Iron Casting
Yaguito
2:48 Loom
11:05 Feudal Age
11:59 Double-Bit Axe
17:22 Castle Age
24:50 Wheelbarrow
24:01 Town Watch
30:43 Town Patrol
31:00 Hand Cart
33:11 Bow Saw
34:07 Murder Holes
34:36 Scale Barding Armor
35:40 Forging
40:35 Imperial Age
39:02 Masonry
39:49 Elite Skirmisher
43:03 Chemistry
43:41 Fortified Wall
44:47 Hoardings
45:53 Scale Mail Armor
46:29 Padded Archer Armor
47:42 Two-Man Saw
50:34 Chain Mail Armor
50:35 Leather Archer Armor
50:11 Fletching
54:19 Horse Collar
62:55 Plate Mail Armor
64:19 Crossbowman
65:45 Man-at-Arms
68:09 Detinets
68:30 Conscription
nitrampep
11:22 Feudal Age
12:00 Loom
16:32 Castle Age
17:54 Fletching
18:05 Padded Archer Armor
18:11 Scale Barding Armor
19:53 Bodkin Arrow
20:27 Double-Bit Axe
24:58 Ballistics
25:22 Wheelbarrow
24:33 Town Watch
26:14 Chain Barding Armor
26:14 Horse Collar
31:09 Hand Cart
35:54 Leather Archer Armor
39:46 Imperial Age
40:12 Bow Saw
40:07 Heavy Plow
41:13 Heavy Cavalry Archer
42:19 Parthian Tactics
41:58 Bracer
48:27 Light Cavalry
49:17 Bloodlines
51:40 Town Patrol
51:57 Fortified Wall
51:42 Murder Holes
52:03 Hussar
61:04 Gold Mining
61:07 Stone Mining
68:18 Husbandry
67:39 Cavalier
67:57 Elite Skirmisher
68:42 Thumb Ring
Connection lost

Rejoining the realm…

Still unreachable

The connection could not be restored.

Session expired

The server has moved on; the page needs a fresh start.